cohdb
Replays
Latest Replays
All Replays
Popular Replays
Top Player Replays
Match Explorer
How It Works
Community
CoH3 Stats
Reddit
Sign in to upload your games and track your stats! →
Sign in with Steam
Match 43311331
Unlisted
Match 43311331
Overview
Messages
Build Orders
End
Construct Infanterie Kompanie
Selects Luftwaffe Battlegroup
Selects Luftwaffe Pioneer Support
Fallschirmpioneer Squad Paradrop
MG 42 Machine Gun Team
MG 42 Machine Gun Team
Grenadier Squad
Selects Stuka Strafing Run
Stuka Strafing Run
MG 42 Machine Gun Team
Stuka Strafing Run
Construct Luftwaffe Kompanie
Fallschirmpioneer Squad Paradrop
Stuka Strafing Run
Support Elements
Stuka Strafing Run
Wirbelwind Flakpanzer
Luftwaffe Officer Quarters
Fallschirmpioneer Squad Paradrop
Stuka Strafing Run
Joraad
NoobyOneKenobi
KingJulien
federicobenitezgambale
Kag_Warduff
kashtanhcik
0
0
Comments
sign in to comment!
No comments posted yet!